 Dungeon Crawl Stone Soup version 0.25.1-2-g60ff931df9 (webtiles) character file.

Game seed: 6583156921965053157

115666 Delamore the Bludgeoner (level 16, -8/108 HPs)
             Began as a Gargoyle Fighter on Oct 14, 2020.
             Was the Champion of Okawaru.
             Mangled by a monstrous demonspawn (9 damage)
             ... summoned by old memories
             ... in a wizard's laboratory.
             The game lasted 00:37:17 (27780 turns).

Delamore the Bludgeoner (Gargoyle Fighter)         Turns: 27780, Time: 00:37:17

Health: -8/108     AC: 50    Str: 32    XL:     16   Next: 69%
Magic:  23/23      EV:  8    Int: 10    God:    Okawaru [******]
Gold:   2835       SH: 16    Dex:  9    Spells: 15/15 levels left

rFire    . . .     SeeInvis .   u - +4 eveningstar (drain)
rCold    + . .     Gourm    .   M - +1 kite shield {rC+}
rNeg     + . .     Faith    .   U - +15 Maxwell's patent armour {-Cast -Tele rElec MR+ rCorr}
rPois    ∞         Spirit   .   m - +1 helmet
rElec    +         Reflect  .   c - +1 cloak {MR+}
rCorr    +         Harm     .   Z - +0 pair of gloves {archery}
MR       +++..     NoTele   +   p - +1 pair of boots {Stlth+} Stlth ..........NoCast +
                                S - amulet of regeneration
HPRegen  0.68/turn              w - +6 ring of strength
MPRegen  0.18/turn              (no ring)

@: berserk cooldown, flying, slowed, studying Translocations, very slow
A: big wings, negative energy resistance 1, electricity resistance, unbreathing,
petrification resistance, rot immunity, AC +12
a: Stop Flying, Heroism, Finesse, Renounce Religion


You were in a wizard's laboratory.
You worshipped Okawaru.
Okawaru was exalted by your worship.
You were not hungry.

You visited 5 branches of the dungeon, and saw 25 of its levels.
You also visited: Bailey, Ice Cave and Wizlab.

You collected 3425 gold pieces.
You spent 590 gold pieces at shops.

Inventory:

Hand Weapons
 u - a +4 eveningstar of draining (weapon)
Missiles
 b - 5 javelins (quivered)
 g - 7 atropa-tipped darts
 A - 13 throwing nets
 F - 6 curare-tipped darts
 R - 2 silver javelins
Armour
 c - a +1 cloak of magic resistance (worn)
 m - a +1 helmet (worn)
 p - a +1 pair of boots of stealth (worn)
 y - a +1 tower shield of cold resistance
 M - a +1 kite shield of cold resistance (worn)
 U - the +15 Maxwell's patent armour (worn) {-Cast -Tele rElec MR+ rCorr}
   (You found it on level 6 of the Lair of Beasts)

   It insulates you from electricity.
   It affects your resistance to hostile enchantments.
   It prevents spellcasting.
   It prevents most forms of teleportation.
   It provides partial protection from all sources of acid and corrosion.
 Z - a +0 pair of gloves of archery (worn)
Jewellery
 w - a +6 ring of strength (left hand)
 S - an amulet of regeneration (around neck)
Wands
 t - a wand of enslavement (7)
 C - a wand of disintegration (51)
 D - a wand of flame (59)
 E - a wand of acid (14)
 N - a wand of digging (9)
 T - a wand of iceblast (6)
Scrolls
 h - 2 scrolls of noise
 j - 8 scrolls of amnesia
 l - 7 scrolls of teleportation
 n - 11 scrolls of remove curse
 r - 4 scrolls of immolation
 s - 5 scrolls of enchant weapon
 x - a scroll of fear
 B - 2 scrolls of fog
 G - 3 scrolls of enchant armour
 J - a scroll of identify
 K - a scroll of holy word
 O - 2 scrolls of silence
 X - a scroll of blinking
Potions
 a - 2 potions of resistance
 d - 7 potions of might
 e - 6 potions of curing
 i - 4 potions of haste
 o - 4 potions of stabbing
 Q - a potion of mutation
 V - a potion of cancellation
 W - a potion of brilliance
 Y - a potion of ambrosia
Books
 q - a manual of Translocations
Miscellaneous
 H - a phantom mirror
Comestibles
 f - 45 rations


   Skills:
 - Level 15.0 Fighting
 + Level 16.3 Maces & Flails
 + Level 7.8 Throwing
 - Level 10.0 Armour
 - Level 15.0 Shields
 + Level 9.3 Invocations


You had 15 spell levels left.
You didn't know any spells.
Your spell library contained the following spells:

 Spells                   Type           Power        Failure   Level  Hunger
 Corona                   Hex            #......      94%         1    ##.....
 Magic Dart               Conj           #...         94%         1    ##.....
 Sandblast                Erth           #.....       94%         1    ##.....
 Ensorcelled Hibernation  Hex/Ice        #.....       98%         2    ###....
 Passwall                 Tmut/Erth      #.......     98%         2    ###....
 Poisonous Vapours        Pois/Air       #.....       98%         2    ###....
 Searing Ray              Conj           #.....       98%         2    ###....
 Confusing Touch          Hex            #.......     100%        3    ####...
 Conjure Flame            Conj/Fire      #.......     100%        3    ####...
 Dazzling Flash           Conj/Hex       #.....       100%        3    ####...
 Mephitic Cloud           Conj/Pois/Air  #.......     100%        3    ####...
 Stone Arrow              Conj/Erth      #.....       100%        3    ####...
 Tukima's Dance           Hex            #.......     100%        3    ####...
 Fulminant Prism          Conj/Hex       #.........   100%        4    #####..
 Iskenderun's Mystic Bla  Conj/Tloc      #.......     100%        4    #####..
 Petrify                  Tmut/Erth      #.......     100%        4    #####..
 Lee's Rapid Deconstruct  Erth           #.........   100%        5    ######.
 Freezing Cloud           Conj/Ice/Air   #.........   100%        6    #######
 Ring of Flames           Chrm/Fire      #.........   100%        7    #######


Dungeon Overview and Level Annotations

Branches:
Dungeon (15/15)            Temple (1/1) D:6            Lair (6/6) D:9
  Swamp (0/4) Lair:3       Spider (0/4) Lair:4        Slime (0/5) Lair:6
    Orc (2/2) D:11            Elf (0/3) Orc:2        Vaults (0/5) D:13
 Depths (1/5) D:15         Bailey (visited)           IceCv (visited)
 WizLab (1/1)

Altars:
Ashenzari
Cheibriados
Dithmenos
Elyvilon
Fedhas
Gozag
Hepliaklqana
Kikubaaqudgha
Makhleb
Nemelex Xobeh
Okawaru
Qazlal
Ru
Sif Muna
Trog
Uskayaw
Vehumet
Wu Jian
Xom
Yredelemnul
Zin
The Shining One
Beogh

Shops:
D:10 !%?   Orc:2 ((*[:

Portals:
Hell: Depths:1

Annotations:
Lair:1 2 transporters, Gaxx's ghost, journeyman DsGl
Lair:4 exclusion: oklob plant


Innate Abilities, Weirdness & Mutations

You are resistant to torment.
Your stone body is resilient. (AC +12)
You are immune to poison.
Your large and strong wings let you fly indefinitely.
You resist negative energy. (rN+)
You are resistant to electric shocks. (rElec)
You can survive without breathing.
You are immune to petrification.
You are immune to rotting.


Message History

The monstrous demonspawn hits you but does no damage.
You block the monstrous demonspawn's attack.
The monstrous demonspawn gores you!
* * * LOW HITPOINT WARNING * * *
The deep troll bites you but does no damage.
The deep troll claws you but does no damage. x2
You feel better. The monstrous demonspawn hits you.
* * * LOW HITPOINT WARNING * * *
The monstrous demonspawn claws you but does no damage.
The monstrous demonspawn gores you but does no damage.
You block the monstrous demonspawn's attack. x2
The monstrous demonspawn gores you!
* * * LOW HITPOINT WARNING * * *
The deep troll barely misses you. You block the deep troll's attack.
The deep troll claws you but does no damage.
The monstrous demonspawn hits you but does no damage.
The monstrous demonspawn barely misses you.
The monstrous demonspawn gores you but does no damage.
The monstrous demonspawn hits you!
You die...

. ... #####
.....♣##T..##
......+@6∩..#
....♣♣##6..##
. #####


You could see 2 demonspawn and a deep troll (summoned).

Vanquished Creatures
  Gastronok (D:10)
  Agnes (D:14)
  2 frost giants
  The ghost of Elam the Cleaver, a journeyman DDNe of Okawaru (D:14)
  2 orc warlords
  An angel (D:12)
  2 stone giants (Depths:1)
  2 ettins
  A fire dragon (Lair:6)
  Josephine (Lair:4)
  An ice dragon (Depths:1)
  Harold (D:7)
  Erica (D:11)
  8 hydras
  2 catoblepae (Lair:6)
  12 two-headed ogres
  A death knight (D:13)
  3 dancing weapons
  6 death yaks
  2 ogre magi
  An orc high priest (Orc:2)
  2 skeletal warriors (D:15)
  An unseen horror (D:15)
  A flayed ghost (D:15)
  A swamp dragon (Lair:6)
  2 lindwurms (Lair:6)
  6 orc knights
  A necromancer (D:15)
  3 deep elf magi
  5 orc sorcerers
  6 ugly things
  9 elephants (Lair:6)
  5 cyclopes
  3 manticores
  A spriggan zombie (D:15)
  A frost giant skeleton (D:15)
  3 torpor snails
  5 black mambas
  2 ice statues (IceCv)
  3 gargoyles
  7 spiny frogs
  2 kobold demonologists
  6 rime drakes
  7 komodo dragons
  A queen bee (Lair:1)
  2 yaktaurs
  4 trolls
  Prince Ribbit (D:6)
  15 polar bears
  3 jumping spiders (Lair:4)
  4 hornets
  10 blink frogs
  6 hippogriffs
  11 slime creatures
  An elf zombie (D:15)
  7 dream sheep (Lair:4)
  A shadow (D:13)
  3 wyverns
  4 redbacks (Lair:4)
  A human (D:7)
  6 wraiths
  A fire dragon skeleton (D:15)
  3 fire bats (Orc:2)
  56 yaks
  4 hogs (D:7)
  3 vampires
  2 hogs (shapeshifter)
  2 steam dragons
  10 basilisks
  2 hungry ghosts
  7 vampire mosquitoes
  4 wargs
  2 soldier ants
  12 water moccasins
  5 acid dragons
  A soldier ant (shapeshifter) (D:14)
  10 porcupines
  6 black bears
  32 orc warriors
  5 sky beasts
  3 ice beasts
  8 ogres
  2 swamp drakes (Lair:6)
  3 phantoms
  2 necrophages
  5 centaurs
  13 wolves
  4 big kobolds
  5 crocodiles
  Blork the orc (D:6)
  8 gnoll sergeants (Bailey)
  A water moccasin zombie (D:4)
  13 bullfrogs
  10 scorpions
  A troll zombie (D:8)
  37 killer bees
  8 wights
  A troll skeleton (D:8)
  3 electric eels
  2 howler monkeys
  7 crimson imps
  8 hounds
  2 human zombies (D:8)
  2 bullfrog zombies
  2 centaur zombies
  4 bullfrog skeletons
  6 gnoll shamans (Bailey)
  18 orc priests
  5 jellies
  27 orc wizards
  5 centaur skeletons
  11 iguanas
  Terence (D:2)
  A human skeleton (D:8)
  8 worker ants
  An ogre zombie (D:8)
  2 hound skeletons
  A mummy (D:8)
  A worker ant zombie (D:6)
  17 gnolls
  7 adders
  5 shadow imps
  8 oozes
  2 adder skeletons (D:5)
  3 adder zombies
  A dart slug (D:4)
  9 leopard geckos
  58 orcs
  5 giant cockroaches
  9 goblins
  7 hobgoblins
  12 jackals
  5 kobolds
  7 ball pythons
  6 bats
  7 frilled lizards
  2 jackal skeletons
  An orc skeleton (D:8)
  An orc zombie (D:8)
  2 quokka skeletons
  3 rats
800 creatures vanquished.

Vanquished Creatures (others)
  11 fungi
  9 plants
20 creatures vanquished.

Grand Total: 820 creatures vanquished

Notes
Turn   | Place    | Note
-------+----------+-------------------------------------------
     0 | D:1      | Delamore the Gargoyle Fighter began the quest for the Orb.
     0 | D:1      | Reached XP level 1. HP: 14/14 MP: 1/1
   116 | D:1      | Reached XP level 2. HP: 19/19 MP: 2/2
   321 | D:1      | You fall into a shaft and drop 1 floor!
   357 | D:2      | Reached XP level 3. HP: 7/24 MP: 3/3
  1169 | D:2      | Reached XP level 4. HP: 27/29 MP: 4/4
  1267 | D:2      | Noticed Terence
  1273 | D:2      | Killed Terence
  1273 | D:2      | Reached skill level 3 in Maces & Flails
  1442 | D:3      | Noticed a bullfrog
  1454 | D:3      | Killed a bullfrog
  1454 | D:3      | Reached XP level 5. HP: 19/34 MP: 5/5
  1574 | D:3      | HP: 1/34 [orc/+0 spear (4)]
  2329 | D:3      | Reached XP level 6. HP: 40/40 MP: 6/6
  2502 | D:4      | Reached skill level 5 in Fighting
  2502 | D:4      | Reached skill level 4 in Maces & Flails
  2502 | D:4      | Reached skill level 5 in Shields
  2597 | D:4      | Found a hazy altar of Hepliaklqana.
  2809 | D:4      | Reached skill level 5 in Maces & Flails
  2896 | D:4      | Reached XP level 7. HP: 44/44 MP: 7/7
  3248 | D:4      | Reached skill level 6 in Maces & Flails
  3503 | D:4      | Found a white marble altar of Elyvilon.
  3833 | D:5      | Entered Level 5 of the Dungeon
  4083 | D:5      | Reached skill level 7 in Maces & Flails
  4426 | D:5      | Reached XP level 8. HP: 47/49 MP: 8/8
  4540 | D:5      | Reached skill level 8 in Maces & Flails
  4726 | D:5      | Got a warped chain mail
  4737 | D:5      | Identified the +4 chain mail "Coesmutu" {MR+ Int+4 Dex+3}
                  | (You found it on level 5 of the Dungeon)
  4910 | D:6      | Noticed Blork the orc
  4938 | D:6      | Killed Blork the orc
  4938 | D:6      | Reached skill level 9 in Maces & Flails
  5166 | D:6      | Found a blossoming altar of Fedhas.
  5193 | D:6      | Noticed Prince Ribbit
  5565 | D:6      | Killed Prince Ribbit
  5565 | D:6      | Reached skill level 10 in Maces & Flails
  5565 | D:6      | Reached XP level 9. HP: 26/54 MP: 9/9
  5981 | D:6      | Found a staircase to the Ecumenical Temple.
  5989 | Temple   | Entered the Ecumenical Temple
  6098 | Temple   | Became a worshipper of Warmaster Okawaru
  6276 | D:6      | Reached skill level 11 in Maces & Flails
  6374 | D:7      | Noticed Harold
  6554 | D:7      | Killed Harold
  6554 | D:7      | Reached * piety under Okawaru
  6554 | D:7      | Reached skill level 12 in Maces & Flails
  6701 | D:7      | Found a bloodstained altar of Trog.
  6715 | D:7      | Reached XP level 10. HP: 57/59 MP: 8/10
  6942 | D:7      | Reached ** piety under Okawaru
  6942 | D:7      | Reached skill level 13 in Maces & Flails
  7718 | D:8      | Found a sparkling altar of Nemelex Xobeh.
  7931 | D:8      | Found an ancient bone altar of Kikubaaqudgha.
  8080 | D:8      | Reached skill level 14 in Maces & Flails
  8108 | D:8      | Reached *** piety under Okawaru
  8267 | D:8      | Found a shattered altar of Ashenzari.
  8779 | D:9      | Found a flagged portal.
  8795 | Bailey   | Entered a bailey
  9232 | Bailey   | Reached XP level 11. HP: 59/66 MP: 11/11
  9254 | Bailey   | Reached **** piety under Okawaru
  9971 | D:9      | Found a staircase to the Lair.
 10168 | D:9      | Found a blossoming altar of Fedhas.
 10241 | D:9      | Found an ornate altar of the Wu Jian Council.
 10738 | D:10     | Entered Level 10 of the Dungeon
 10738 | D:10     | Noticed Gastronok
 11298 | D:10     | Killed Gastronok
 11298 | D:10     | Reached ***** piety under Okawaru
 11628 | Lair:1   | Entered Level 1 of the Lair of Beasts
 11730 | Lair:1   | Received a gift from Okawaru
 11740 | Lair:1   | Got a faintly glowing morningstar {god gift}
 11741 | Lair:1   | Identified the +2 morningstar "Maiqaewusch" {vorpal, +Fly
                  | rF- Int+10} (Okawaru gifted it to you on level 1 of the
                  | Lair of Beasts)
 12473 | Lair:1   | Reached XP level 12. HP: 74/77 MP: 12/12
 12491 | Lair:1   | Found a transporter.
 12495 | Lair:1   | Identified the +10 spear of Strategic Superiority {elec,
                  | rC+ Stlth+}
 12495 | Lair:1   | Noticed a spriggan rider
 12500 | Lair:1   | Found a transporter.
 12505 | Lair:1   | Found a bloodstained altar of Trog.
 12505 | Lair:1   | Noticed Gaxx's ghost (journeyman DsGl)
 12796 | Lair:1   | Reached skill level 10 in Fighting
 12796 | Lair:1   | Reached skill level 10 in Shields
 12954 | Lair:1   | Reached skill level 5 in Armour
 14921 | Lair:3   | Received a gift from Okawaru
 14924 | Lair:3   | Got a pair of heavily runed boots {god gift}
 14930 | Lair:3   | Identified the -3 pair of boots of Chimes {*Corrode Str+5
                  | SInv Stlth+} (Okawaru gifted it to you on level 3 of the
                  | Lair of Beasts)
 15237 | Lair:3   | Found a staircase to the Swamp.
 15580 | Lair:4   | Noticed an eight-headed hydra
 15587 | Lair:4   | Killed an eight-headed hydra
 15587 | Lair:4   | Reached XP level 13. HP: 74/84 MP: 11/13
 15797 | Lair:4   | Reached ****** piety under Okawaru
 15844 | Lair:4   | Found a hole to the Spider Nest.
 16033 | Lair:4   | Noticed Josephine
 16047 | Lair:4   | Killed Josephine
 16047 | Lair:4   | Reached skill level 15 in Maces & Flails
 16768 | Lair:5   | Received a gift from Okawaru
 17603 | Lair:6   | Entered Level 6 of the Lair of Beasts
 17857 | Lair:6   | Received a gift from Okawaru
 17864 | Lair:6   | Gained mutation: Your large and strong wings let you fly
                  | indefinitely. [Gargoyle growth]
 17864 | Lair:6   | Reached XP level 14. HP: 34/92 MP: 7/14
 17895 | Lair:6   | Received a gift from Okawaru
 18461 | Lair:6   | Found a staircase to the Slime Pits.
 18846 | Lair:6   | Reached skill level 10 in Armour
 18947 | Lair:6   | Found the +15 Maxwell's patent armour {-Cast -Tele rElec
                  | MR+ rCorr}
 19066 | Lair:6   | Received a gift from Okawaru
 19453 | Lair:6   | Reached skill level 16 in Maces & Flails
 19664 | Lair:6   | Identified a scroll of acquirement
 19665 | Lair:6   | Acquired 600 gold pieces
 19940 | D:10     | Found Dukhluef's Food Boutique.
 20037 | D:10     | Found Avausu's Distillery.
 20044 | D:10     | Bought a potion of berserk rage for 60 gold pieces
 20044 | D:10     | Bought a potion of might for 48 gold pieces
 20044 | D:10     | Bought a potion of cancellation for 96 gold pieces
 20051 | D:10     | Found Kiroel's Magic Scroll Boutique.
 20059 | D:10     | Bought a scroll of identify for 32 gold pieces
 20059 | D:10     | Bought a scroll of identify for 32 gold pieces
 20059 | D:10     | Bought a scroll of blinking for 120 gold pieces
 20406 | D:11     | Noticed Erica
 20435 | D:11     | Killed Erica
 20509 | D:11     | Found a staircase to the Orcish Mines.
 20985 | Orc:1    | Entered Level 1 of the Orcish Mines
 20985 | Orc:1    | Noticed an orc warlord
 21239 | D:11     | Received a gift from Okawaru
 21330 | Orc:1    | Killed an orc warlord
 21549 | Orc:2    | Entered Level 2 of the Orcish Mines
 21660 | Orc:2    | Reached XP level 15. HP: 100/100 MP: 15/15
 21681 | Orc:2    | Found a dark tunnel.
 21724 | Orc:2    | Found Vuinen's Weapon Shoppe.
 21974 | Orc:2    | Found a roughly hewn altar of Beogh.
 21983 | Orc:2    | Noticed an orc warlord
 22030 | Orc:2    | Killed an orc warlord
 22044 | Orc:2    | Found Goisuconn's General Store.
 22068 | Orc:2    | Found a staircase to the Elven Halls.
 22099 | Orc:2    | Found a frozen archway.
 22109 | IceCv    | Entered an ice cave
 22533 | IceCv    | Noticed a frost giant
 22557 | IceCv    | Killed a frost giant
 22557 | IceCv    | Reached skill level 15 in Fighting
 22557 | IceCv    | Reached skill level 15 in Shields
 23312 | Orc:2    | Found Moublun's Antique Weapon Shoppe.
 23618 | Orc:2    | Found Roninwed's Book Shoppe.
 23633 | Orc:2    | Found Bonuaf's Antique Armour Shoppe.
 23640 | Orc:2    | Bought a runed cloak for 202 gold pieces
 23815 | D:12     | Reached skill level 1 in Invocations
 23846 | D:12     | Reached skill level 1 in Throwing
 23924 | D:12     | Found a runed translucent door.
 23924 | D:12     | Found a white marble altar of Elyvilon.
 23924 | D:12     | Noticed an angel
 24021 | D:12     | Killed an angel
 24021 | D:12     | Received a gift from Okawaru
 24619 | D:13     | Noticed a frost giant
 24667 | D:13     | Killed a frost giant
 24830 | D:13     | Reached skill level 5 in Invocations
 25197 | D:13     | Found a gate to the Vaults.
 25661 | D:14     | Reached skill level 5 in Throwing
 25690 | D:14     | Found a runed translucent door.
 25690 | D:14     | Found a shimmering altar of Xom.
 25690 | D:14     | Noticed Elam's ghost (journeyman DDNe)
 25762 | D:14     | Killed Elam's ghost
 25762 | D:14     | Reached XP level 16. HP: 88/108 MP: 20/20
 25930 | D:14     | Noticed Agnes
 25962 | D:14     | Killed Agnes
 25962 | D:14     | Received a gift from Okawaru
 26341 | D:15     | Entered Level 15 of the Dungeon
 26352 | D:15     | Found a glowing golden altar of the Shining One.
 26422 | D:15     | Found a staircase to the Depths.
 26628 | D:15     | Received a gift from Okawaru
 27134 | Depths:1 | Entered Level 1 of the Depths
 27222 | Depths:1 | Found a gateway to Hell.
 27282 | Depths:1 | Received a gift from Okawaru
 27313 | Depths:1 | Found a magical portal.
 27318 | WizLab   | Entered Wucad Mu's Monastery
 27334 | WizLab   | Noticed a grey draconian monk
 27365 | WizLab   | HP: 5/108 [monstrous demonspawn[old memories] (2)]
 27427 | WizLab   | Noticed a grey draconian monk
 27503 | WizLab   | Noticed a grey draconian monk
 27657 | WizLab   | Noticed a grey draconian monk
 27733 | WizLab   | Noticed a grey draconian monk
 27733 | WizLab   | Noticed a grey draconian monk
 27763 | WizLab   | HP: 4/162 [deep troll[old memories] (8)]
 27777 | WizLab   | HP: 5/108 [monstrous demonspawn[old memories] (2)]
 27778 | WizLab   | HP: 2/108 [monstrous demonspawn[old memories] (4)]
 27780 | WizLab   | Mangled by a monstrous demonspawn

Illustrated notes

Levels and vault maps discovered:
D:1:      giann_forest_graveyard, layout_rooms
D:2:      layout_loops_ring, uniq_terence
D:3:      layout_basic, minmay_misc_feat_columns
D:4:      kennysheep_spiral_hall, layout_basic, elyvilon_altar_4,
          lemuel_crystal_altar, first_ration
D:5:      layout_basic, minmay_diced_spiral
D:6:      layout_rooms, temple_green, fedhas_altar_1, uniq_prince_ribbit1,
          uniq_blork_the_orc
D:7:      statuecave_lemuel, layout_cave_pools, grunt_livestock,
          hangedman_abyss_or_decor_slice, trog_ov_bears_minmay, uniq_harold
D:8:      layout_basic, lemuel_mausoleum_altar_kikubaaqudgha,
          nemelex_xobeh_ov_fountains_minmay, ashenzari_conservatory_becter,
          kennysheep_cross_room
D:9:      layout_loops_ring, nicolae_overflow_crystal_walls,
          due_lair_maze_entry_diamond, enter_bailey_3, basic_altar,
          serial_rivers, chequers_serial_rivers_room_b,
          chequers_serial_rivers_micro_b, chequers_serial_rivers_marsh,
          chequers_serial_rivers_micro_b, chequers_serial_rivers_small_b,
          nooodl_food_tri
D:10:     layout_cave_pools, serial_shops, shop, shop, shop_statue,
          kennysheep_dice, uniq_gastronok
D:11:     layout_long_grid, orc_0_dummy, serial_glass, glass_columns_b,
          glass_columns_a, hex_tiny, minmay_misc_feat_secret_circle,
          wad_floor_pattern_untrapped, uniq_erica
D:12:     layout_loops_ring, lemuel_angel_altar
D:13:     minmay_connected_boxes_in_corner, layout_cave_pools, erik_vaults_1
D:14:     layout_roguey, ebering_ghost_xom, corexii_corridor_pit,
          serial_bayou_pond_e, uniq_agnes
D:15:     gammafunk_depths_entry_grave, layout_long_grid, minmay_crystal_water,
          basic_altar
Temple:   nicolae_temple_elliptical
Lair:1:   layout_cellular_growth, special_room [special_room_bee],
          gammafunk_ghost_wrathful_warriors
Lair:2:   layout_regular_city
Lair:3:   layout_loops_ring, swamp_mist_pool
Lair:4:   layout_loops_ring, nicolae_spider_entry_tight_spaces, uniq_josephine
Lair:5:   layout_cave_pods, patterned_corridor
Lair:6:   guppyfry_lair_end_dragon, layout_regular_city,
          hangedman_lair_in_review, nicolae_slime_entry_slimehenge
Orc:1:    layout_caves
Orc:2:    grunt_orc_cross, layout_diamond_mine, serial_shops, shop,
          nicolae_volcano_entry_batcave, portal_ice_cave_entry_pillars_1
Depths:1: layout_gridville, abyss_entry_flame_altar, rand_demon_pan_entry_5,
          mu_enter_wizlab_1, pf_coc_iceberg, lemuel_round_altar, drop_trap,
          minmay_three_doors, uniq_nikola
WizLab:   wizlab_wucad

Skill      XL: |  1  2  3  4  5  6  7  8  9 10 11 12 13 14 15 16 |
---------------+-------------------------------------------------+-----
Fighting       | 4 5 6 9 11 12 14 15 | 15.0
Shields        | 4 5 6 9 11 12 14 15 | 15.0
Maces & Flails | 3 5 7 10 12 14 15 16 | 16.3
Armour         | 4 7 9 10 | 10.0
Invocations    | 6 9 |  9.3
Throwing       | 5 7 |  7.8

Action                   |  1- 3 |  4- 6 |  7- 9 | 10-12 | 13-15 | 16-18 || total
-------------------------+-------+-------+-------+-------+-------+-------++-------
Melee: Flail             |   122 |   197 |   436 |   766 |       |       ||  1521
       Morningstar       |       |       |       |   344 |  1635 |   198 ||  2177
       Eveningstar       |       |       |       |       |       |   358 ||   358
Throw: Javelin           |       |       |     4 |     2 |       |       ||     6
Invok: Heroism           |       |       |       |     1 |       |     1 ||     2
       Finesse           |       |       |       |       |       |     1 ||     1
 Abil: Fly               |       |       |       |       |     1 |       ||     1
Evoke: Wand              |       |       |       |     5 |     4 |       ||     9
  Use: Potion            |       |     1 |       |       |       |    11 ||    12
       Scroll            |       |       |    10 |     9 |    10 |     1 ||    30
 Stab: Petrified         |       |       |       |       |     1 |       ||     1
       Confused          |       |       |       |       |     1 |       ||     1
  Eat: Chunk             |     1 |     6 |    13 |    26 |    29 |     4 ||    79
       Ration            |       |       |       |     1 |     2 |     1 ||     4
Armor: Scale mail        |    58 |   135 |    91 |       |       |       ||   284
       Chain mail        |       |       |   192 |   802 |   254 |       ||  1248
       Plate armour      |       |       |       |       |   624 |   568 ||  1192
Dodge: Dodged            |    42 |    57 |   118 |   349 |   373 |   172 ||  1111
Block: Kite shield       |    56 |   123 |   233 |   848 |  1121 |   531 ||  2912
